 Dungeon Crawl Stone Soup version 0.27-a0-1591-gc56fcc985a (webtiles) character file.

Game seed: 6445105029965589430

21 PentaManta the Ducker (level 2, 0/16 HPs)
             Began as a Spriggan Berserker on July 19, 2021.
             Was a Follower of Trog.
             Slain by a jackal (1 damage)
             ... on level 1 of the Dungeon.
             The game lasted 00:00:55 (581 turns).

PentaManta the Ducker (Spriggan Berserker)           Turns: 581, Time: 00:00:56

Health: 0/16       AC:  2    Str: 13    XL:     2   Next: 62%
Magic:  3/3        EV: 18    Int:  8    God:    Trog [*.....]
Gold:   15         SH:  0    Dex: 14    Spells: 1/1 levels left

rFire    . . .     SeeInvis +   a - +0 short sword
rCold    . . .     Faith    .   (shield restricted)
rNeg     . . .     Spirit   .   b - +0 animal skin
rPois    .         Reflect  .   (helmet restricted)
rElec    .         Harm     .   (no cloak)
rCorr    .         Rampage  .   (gloves unavailable)
Will     .....                  (boots unavailable)
Stlth    ++........             (no amulet)
HPRegen  0.05/turn              (no ring)
MPRegen  0.08/turn              (no ring)

@: very quick
A: very small, no large weapons, unfitting armour, see invisible, speed 3
a: Renounce Religion, Berserk


You were on level 1 of the Dungeon.
You worshipped Trog.
Trog was aware of your devotion.
You visited 1 branch of the dungeon, and saw 1 of its levels.

You collected 15 gold pieces.

Inventory:

Hand Weapons
 a - a +0 short sword (weapon)
Armour
 b - a +0 animal skin (worn)
Scrolls
 d - a scroll of fog {unknown}
Potions
 c - 2 potions of cancellation {unknown}


   Skills:
 + Level 2.7 Fighting
 - Level 3.2 Short Blades
 + Level 4.5 Dodging
 + Level 2.0 Stealth


You had one spell level left.
You didn't know any spells.
Your spell library was empty.

Dungeon Overview and Level Annotations

Branches:
Dungeon (1/15)

Altars:


Innate Abilities, Weirdness & Mutations

You are very small and have problems with some larger weapons.
You are too small for most types of armour.
You have supernaturally acute eyesight. (SInv)
You cover ground extremely quickly. (Speed+++)


Message History

You closely miss the jackal. The jackal barely misses you.
The jackal completely misses you. The rat misses you.
A quokka comes into view.
You hit the jackal.
The jackal is severely wounded.
The jackal bites you but does no damage.
The jackal closely misses you. The rat closely misses you.
The jackal bites you.
You closely miss the jackal.
The jackal is severely wounded.
The jackal misses you. The rat completely misses you.
The jackal closely misses you. x2
You barely miss the jackal.
The jackal is severely wounded.
The jackal barely misses you. The jackal completely misses you.
The rat closely misses you.
You barely miss the jackal.
The jackal is severely wounded.
The jackal barely misses you. The jackal closely misses you.
The quokka twitches its whiskers.
The rat misses you. The jackal bites you.
You closely miss the jackal.
The jackal is severely wounded.
The jackal misses you.
The jackal bites you but does no damage.
The rat bites you but does no damage. The jackal barely misses you.
You hit the jackal.
You kill the jackal!
Trog accepts your kill. The jackal misses you. The rat misses you.
The jackal bites you.
Your Stealth skill increases to level 2!
You miss the jackal.
The jackal bites you. x2; The rat bites you.
* * * LOW HITPOINT WARNING * * *
You are too injured to fight recklessly!
You are too injured to fight recklessly!
You are too injured to fight recklessly!
You fail to use your ability.
The jackal bites you.
* * * LOW HITPOINT WARNING * * *
You closely miss the jackal. The jackal bites you.
You die...

######+#..†..
#......#...[. ####
##.##.#.#.†... #...
#............. #...
#.⌠≈≈≈≈≈≈⌠.### #...
#.≈P....P..# #...
#..P####.⌠.#
...#..r#####.≈.# ..≈...
.....rhh@....P.# ##.≈..#
...#.wr#####.≈......≈..#
#... #.≈⌠⌠.P≈⌠⌠..# #...
#........ #... ..######.
#... ... #### ..? ..


You could see a dart slug, 2 quokkas, 2 jackals and a rat.

Vanquished Creatures
  A dart slug (D:1)
  A giant cockroach (D:1)
  2 goblins (D:1)
  2 hobgoblins (D:1)
  2 jackals (D:1)
  3 ball pythons (D:1)
  3 bats (D:1)
  A frilled lizard (D:1)
  4 rats (D:1)
19 creatures vanquished.

Notes
Turn   | Place    | Note
-------+----------+-------------------------------------------
     0 | D:1      | PentaManta the Spriggan Berserker began the quest for the
                  | Orb.
     0 | D:1      | Reached XP level 1. HP: 11/11 MP: 2/2
   123 | D:1      | Reached skill level 1 in Stealth
   125 | D:1      | Reached XP level 2. HP: 12/16 MP: 3/3
   581 | D:1      | Slain by a jackal

Illustrated notes

Levels and vault maps discovered:
D:1:      sevenhm_arrival_forest_fort_large_1, layout_basic,
          shapermc_ecumenical_altar_acropolis

Skill      XL: |  1  2 |
---------------+-------+-----
Stealth        | 1 2 |  2.0
Fighting       | |  2.7
Short Blades   | |  3.2
Dodging        | |  4.5

Action                   || total
-------------------------++-------
Melee: Short sword       ||    45
Invok: Berserk           ||     2
 Stab: Sleeping          ||     2
Armor: Animal skin       ||     6
Dodge: Dodged            ||    50

Table legend: (Time is in decaauts)
 A = Elapsed time spent in this place.
 B = Non-inter-level travel time spent in this place.
 C = Inter-level travel time spent in this place.
 D = Time resting spent in this place.
 E = Time spent auto-exploring this place.
 F = Levels seen in this place.
 G = Mean time per level.
                   A        B        C        D        E       F      G
               +--------+--------+--------+--------+--------+-----+--------+
         Total |    488 |    488 |      0 |    145 |    251 |   1 |  488.0 |
       Dungeon |    488 |    488 |      0 |    145 |    251 |   1 |  488.0 |
               +--------+--------+--------+--------+--------+-----+--------+

Top non-repeatable levels by time:
     D:1: 488 daAuts
